 Dungeon Crawl Stone Soup version 0.30.1-4-g462c640d31 (webtiles) character file.

Game seed: 12877977415183795724

2821 Descartes the Thaumaturge (level 10, -1/60 HPs)
             Began as a Djinni Wanderer on Aug 14, 2023.
             Was a Follower of Qazlal.
             Slain by an orc warrior
             ... wielding a +0 hand axe
              (6 damage)
             ... on level 8 of the Dungeon.
             The game lasted 00:19:43 (6360 turns).

Descartes the Thaumaturge (Djinni Wanderer)         Turns: 6360, Time: 00:19:44

Health: -1/60      AC:  6    Str:  8    XL:     10   Next: 3%
Gold:   360        EV: 10    Int: 28    God:    Qazlal [*.....] SH:  2 Dex: 19

rFire   + + .        p - +7 dagger of Numal {venom, +Blink Will+ Str-4 Int+3}
rCold   x . .        (no shield)
rNeg    . . .        x - +1 leather armour of Viuxa {Str+2 Dex+6}
rPois   ∞            t - +0 helmet
rElec   .            q - scarf {shadows}
rCorr   .            d - +0 pair of gloves
SInv    .            (boots unavailable)
Will    ++...        L - amulet of regeneration
Stlth   ++           j - +6 ring of intelligence
HPRegen 1.10/turn    A - ring of wizardry
MPRegen 0.00/turn

%: wizardry (x1), infuse magic (-2 HP)
@: flying
A: sickness immunity, fire resistance 2, cold vulnerability 1, float, innate
caster, HP casting, extra vitality 1
a: Renounce Religion, Evoke Blink


You were on level 8 of the Dungeon.
You worshipped Qazlal.
Qazlal was aware of your devotion.
You visited 2 branches of the dungeon, and saw 9 of its levels.

You collected 360 gold pieces.

Inventory:

Hand Weapons
 a - a +0 dagger
 p - the +7 dagger of Numal (weapon) {venom, +Blink Will+ Str-4 Int+3}
   (You found it on level 2 of the Dungeon)

   Str:       It affects your strength (-4).
   Int:       It affects your intelligence (+3).
   +Blink:    It lets you blink.
   Will:      It increases your willpower.
 G - the +1 rapier of Zolosuuq {heavy, rElec}
   (You found it on level 4 of the Dungeon)

   rElec:     It insulates you from electricity.
Missiles
 b - 17 poisoned darts (quivered)
 n - a throwing net
Armour
 d - a +0 pair of gloves (worn)
 q - a scarf of shadows (worn)
 t - a +0 helmet (worn)
 x - the +1 leather armour of Viuxa (worn) {Str+2 Dex+6}
   (You found it on level 3 of the Dungeon)

   Str:       It affects your strength (+2).
   Dex:       It affects your dexterity (+6).
 O - a +1 leather armour of fire resistance
Jewellery
 j - a +6 ring of intelligence (left hand)
 A - a ring of wizardry (right hand)
 L - an amulet of regeneration (around neck)
Wands
 v - a wand of quicksilver (14)
Scrolls
 c - 5 scrolls of teleportation
 e - 4 scrolls of blinking
 f - 2 scrolls of magic mapping {unknown}
 g - 3 scrolls of fear
 m - a scroll of enchant weapon
 u - a scroll of noise {unknown}
 y - 2 scrolls of fog {unknown}
 C - a scroll of identify
 I - a scroll of enchant armour
 K - 2 scrolls of immolation
 M - a scroll of poison {unknown}
 N - a scroll of butterflies {unknown}
Potions
 h - 2 potions of cancellation {unknown}
 i - a potion of flight {unknown}
 k - 3 potions of heal wounds
 l - a potion of resistance {unknown}
 o - 2 potions of ambrosia
 r - a potion of brilliance {unknown}
 s - a potion of lignification {unknown}
 w - a potion of invisibility {unknown}
 z - 2 potions of might {unknown}
 B - 4 potions of curing
 E - a potion of magic {unknown}
 H - 2 potions of berserk rage {unknown}
 J - a potion of haste {unknown}


   Skills:
 - Level 1.0 Throwing
 - Level 1.0 Armour
 - Level 1.5 Stealth
 + Level 10.4 Spellcasting
 + Level 2.4 Invocations
 - Level 1.0 Evocations


You knew the following spells:

 Your Spells              Type           Power      Damage    Failure   Level
a - Shock                 Conj/Air       100%       1d9       1%          1
b - Scorch                Fire           100%       2d9       1%          2
c - Sticky Flame          Conj/Fire      65%        2d8       1%          4
d - Summon Guardian Gole  Hex/Summ       65%        N/A       1%          3
e - Summon Small Mammal   Summ           100%       N/A       1%          1
f - Foxfire               Conj/Fire      100%       2x1d9     1%          1
g - Inner Flame           Hex/Fire       65%        N/A       1%          3
h - Wereblood             Tmut           65%        N/A       1%          2
i - Ice Form              Ice/Tmut       65%        N/A       1%          4

Your spell library contained the following spells:

 Spells                   Type           Power      Damage    Failure   Level


Dungeon Overview and Level Annotations

Branches:
Dungeon (8/15)             Temple (1/1) D:6
   Lair: D:8-11

Altars:
Ashenzari
Cheibriados
Dithmenos
Elyvilon
Fedhas
Gozag
Hepliaklqana
Makhleb
Nemelex Xobeh
Okawaru
Qazlal
Ru
Trog
Uskayaw
Wu Jian
Xom
Yredelemnul
Zin
The Shining One

Shops:
D:4 [   D:6 *


Innate Abilities, Weirdness & Mutations

You are immune to sickness and miasma.
You are immune to poison.
Your flesh is very heat resistant. (rF++)
You are vulnerable to cold. (rC-)
You float through the air rather than walking.
You learn spells naturally, not from books.
Your magical power is your life essence.
You have superior vitality. (+4 MHP)


Message History

The warg's fire resistance burns away.
The warg bites you but does no damage.
The orc wizard mumbles some strange words.
The orc wizard flickers and vanishes!
Deactivating autopickup; reactivate with Ctrl-A.
The orc warrior throws a boomerang.
The boomerang closely misses you.
Casting: Scorch (safe; 1% risk of failure)
Confirm with . or Enter, or press ? or * to list all spells.
Aiming: Sticky Flame (safe; 1% risk of failure)
Press: ? - help, Shift-Dir - straight line, f - warg, p - orc warrior
Aim: a warg (almost dead, more vulnerable to fire)
The sticky flame hits the warg!
The warg is burned terribly!
You kill the warg!
Qazlal accepts your kill.
You have reached level 10!
Casting: Sticky Flame (safe; 1% risk of failure)
Confirm with . or Enter, or press ? or * to list all spells.
Flames lash the warg.
The warg is moderately wounded.
The warg's fire resistance burns away.
The orc warrior hits you with a +0 hand axe!
The orc priest begins to cast a cantrip, but forgets the words!
Casting: Scorch (safe; 1% risk of failure)
Confirm with . or Enter, or press ? or * to list all spells.
Aiming: Sticky Flame (safe; 1% risk of failure)
Press: ? - help, Shift-Dir - straight line, f - orc warrior
Aim: an orc warrior, wielding a +0 hand axe, wearing a +0 plate armour and quivering boomerangs (moderately wounded)
The sticky flame hits the orc warrior.
The orc warrior is moderately wounded.
The orc warrior is covered in liquid flames!
* * * LOW HITPOINT WARNING * * *
The orc warrior burns!
The orc barely misses you. Something hits you.
* * * LOW HITPOINT WARNING * * *
The orc warrior misses you.
The orc warrior burns!
The warg bites you!
* * * LOW HITPOINT WARNING * * *
The warg bites you.
* * * LOW HITPOINT WARNING * * *
You block something's attack.
The orc warrior hits you with a +0 hand axe.
You die...

.. # #.# ...
...#.... ....
.P.#.#.##..###
.P...#.#......
....?........
o.)........#
.......(...#
....#..{o..#
.. #.oh@.##
#...#o.....#
#..)####.#.#
#.... ..
....## +# ....


You could see a warg (combustible), an orc warrior (burning), an orc priest and
an orc.

Vanquished Creatures
  Grinder (D:3)
  Sigmund (D:4)
  Menkaure (D:6)
  A warg (D:8)
  4 black bears
  An orc warrior (D:6)
  2 ice beasts
  A sky beast (D:7)
  A centaur (D:6)
  2 scorpions
  5 killer bees (D:5)
  3 howler monkeys
  A jelly (D:5)
  3 hounds
  2 orc priests
  A gnoll bouda (D:7)
  A sleepcap (D:7)
  Ijyb (D:3)
  7 iguanas
  8 orc wizards
  Robin (D:2)
  A mummy (D:4)
  9 gnolls
  8 adders
  A white imp (D:7)
  An ufetubus (D:7)
  3 dart slugs
  24 orcs
  12 bats
  8 endoplasms
  6 giant cockroaches
  15 goblins
  7 hobgoblins
  4 jackals (D:2)
  6 quokkas
  6 ball pythons
  2 frilled lizards
  A hobgoblin zombie (D:4)
  8 kobolds
  2 kobold zombies (D:4)
  An orc zombie (D:4)
  3 rats
176 creatures vanquished.

Vanquished Creatures (collateral kills)
  A dart slug (D:1)
1 creature vanquished.

Vanquished Creatures (others)
  68 foxfires
68 creatures vanquished.

Grand Total: 245 creatures vanquished

Notes
Turn   | Place    | Note
-------+----------+-------------------------------------------
     0 | D:1      | Descartes the Djinni Wanderer began the quest for the Orb.
     0 | D:1      | Descartes set off with the following items: a +0 dagger, 12
                  | poisoned darts, a scroll of teleportation, a +0 robethe
                  | following spells memorised: Foxfire, Inner Flame, Sticky
                  | Flame, Summon Guardian Golem, Summon Small Mammal.
     0 | D:1      | Reached XP level 1. HP: 15/15 MP: 0/0
   147 | D:1      | Reached XP level 2. HP: 20/21 MP: 0/0
   507 | D:1      | Reached XP level 3. HP: 21/25 MP: 0/0
   507 | D:1      | Learned a level 1 spell: Shock
   681 | D:1      | Reached skill level 4 in Spellcasting
  1264 | D:2      | Reached XP level 4. HP: 22/31 MP: 0/0
  1325 | D:2      | Identified the +7 dagger of Numal {venom, +Blink Will+
                  | Str-4 Int+3}
  1698 | D:2      | Reached XP level 5. HP: 21/35 MP: 0/0
  1698 | D:2      | Learned a level 2 spell: Scorch
  1698 | D:2      | Noticed Robin
  1708 | D:2      | Killed Robin
  2128 | D:3      | Noticed Ijyb
  2135 | D:3      | Killed Ijyb
  2136 | D:3      | Reached skill level 5 in Spellcasting
  2409 | D:3      | Noticed Grinder
  2417 | D:3      | Killed Grinder
  2418 | D:3      | Reached skill level 6 in Spellcasting
  2418 | D:3      | Reached XP level 6. HP: 27/40 MP: 0/0
  2418 | D:3      | Reached XP level 7. HP: 30/45 MP: 0/0
  2418 | D:3      | Learned a level 2 spell: Wereblood
  2418 | D:3      | Identified the +1 robe of the Hall of Blades {Harm rPois}
  2491 | D:3      | Found a glowing golden altar of the Shining One.
  2529 | D:3      | Identified the +1 leather armour of Viuxa {Str+2 Dex+6}
  3027 | D:4      | Found Eled's Armour Boutique.
  3061 | D:4      | Found an ornate altar of the Wu Jian Council.
  3063 | D:4      | Found an iron altar of Okawaru.
  3082 | D:4      | Noticed Sigmund
  3093 | D:4      | Killed Sigmund
  3368 | D:4      | Identified the +1 rapier of Zolosuuq {heavy, rElec}
  3576 | D:5      | Entered Level 5 of the Dungeon
  3627 | D:5      | Reached skill level 7 in Spellcasting
  3635 | D:5      | Reached XP level 8. HP: 33/50 MP: 0/0
  4209 | D:5      | Reached skill level 8 in Spellcasting
  4334 | D:5      | Found a broken altar of Ashenzari.
  4668 | D:6      | Found a staircase to the Ecumenical Temple.
  4681 | Temple   | Entered the Ecumenical Temple
  4710 | Temple   | Became a worshipper of Qazlal Stormbringer
  4809 | D:6      | Reached XP level 9. HP: 30/55 MP: 0/0
  4809 | D:6      | Learned a level 4 spell: Ice Form
  4923 | D:6      | Reached skill level 9 in Spellcasting
  5184 | D:6      | Noticed Menkaure
  5188 | D:6      | Killed Menkaure
  5226 | D:6      | Found a snail-covered altar of Cheibriados.
  5229 | D:6      | Found an opulent altar of Gozag.
  5525 | D:6      | Found Zin's Purification Station.
  5529 | D:6      | Found a glowing silver altar of Zin.
  5589 | D:7      | Reached * piety under Qazlal
  5603 | D:7      | Reached skill level 10 in Spellcasting
  5950 | D:7      | Reached skill level 1 in Invocations
  6358 | D:8      | Reached XP level 10. HP: 30/60 MP: 0/0
  6360 | D:8      | Slain by an orc warrior

Illustrated notes

Levels and vault maps discovered:
D:1:      dpeg_arrival_yet_another_circle, layout_loops_ring, serial_bayou,
          serial_bayou_pond_a, serial_bayou_pond_e, serial_bayou_shore_a,
          serial_bayou_pond_a
D:2:      layout_loops_cross, kennysheep_potato, uniq_robin
D:3:      layout_basic, mainiacjoe_overflow_concentric_impassable, uniq_grinder,
          uniq_ijyb
D:4:      layout_cave_pools, chequers_temple_overflow_statue_of_worship,
          nicolae_stop_n_shop_2, minmay_mini_ossuary, uniq_sigmund
D:5:      layout_loops_cross, mainiacjoe_overflow_brackets,
          corexii_leaking_fountain, roderic_batcave, uniq_crazy_yiuf_cottage
D:6:      layout_gridville, zin_purify, grunt_temple_overflow_diamond,
          minmay_temple_entry_drinking_statues, uniq_menkaure
D:7:      layout_basic
D:8:      layout_basic, nicolae_sif_muna_little_library,
          erik_lair_orcish_takeover, minmay_door_square, minmay_ruffians,
          uniq_maurice
Temple:   hc_temple_tempest_star

Skill      XL: |  1  2  3  4  5  6  7  8  9 |
---------------+----------------------------+-----
Spellcasting   | 4 6 7 8 10 | 10.4
Invocations    | 2 |  2.4
Throwing       | |  1.0
Armour         | |  1.0
Stealth        | |  1.5
Evocations     | |  1.0

Action                     |  1- 3 |  4- 6 |  7- 9 | 10-12 || total
---------------------------+-------+-------+-------+-------++-------
  Melee: Dagger            |     1 |       |     4 |       ||     5
   Cast: Foxfire           |    34 |     1 |     4 |       ||    39
         Summon Small Mamm |     2 |       |     3 |       ||     5
         Shock             |    35 |    79 |   254 |       ||   368
         Scorch            |       |     6 |    15 |     1 ||    22
         Sticky Flame      |       |     2 |    14 |     1 ||    17
         Summon Guardian G |       |       |     3 |       ||     3
    Use: Scroll            |       |       |     9 |       ||     9
 Armour: Robe              |     1 |     3 |       |       ||     4
         Leather armour    |       |       |    29 |       ||    29
  Dodge: Dodged            |    13 |     3 |    39 |     2 ||    57
  Block: Other             |       |       |     1 |     1 ||     2
